SNL (28 & UNDER)
WICHITA WRANGLERS @ WEST VIRGINIA POWER
08/30/2026
 
TOP OF THE 1ST
Wichita Wranglers batting - Pitching for West Virginia Power : RHP Aaron Thrash
Pitching: RHP Aaron Thrash
Batting: RHB Desi Thompson 0-0: Ball
1-0: Fly out, F3 (Popup, 3F)
Batting: LHB José Hernández 0-0: Ball
1-0: Ball
2-0: Called Strike
2-1: Ball
3-1: Called Strike
3-2: Fly out, F8 (Line Drive, 78M)
Batting: RHB Miguel Monteagudo 0-0: Ball
1-0: Called Strike
1-1: Ball
2-1: Fly out, F5 (Popup, 5S)
Top of the 1st over - 0 run(s), 0 hit(s), 0 error(s), 0 left on base; Wichita 0 - West Virginia 0
BOTTOM OF THE 1ST
West Virginia Power batting - Pitching for Wichita Wranglers : RHP Juan Vázquez
Pitching: RHP Juan Vázquez
Batting: RHB Pablo Sandoval 0-0: Ball
1-0: Called Strike
1-1: Foul Ball, location: 2F
1-2: Ball
2-2: Strikes out swinging
Batting: RHB Dave McGrath 0-0: Called Strike
0-1: Foul Ball, location: 2F
0-2: Ball
1-2: Strikes out looking
Batting: RHB Roberto Tobías 0-0: SINGLE (Flyball, 8RS)
Batting: RHB Ben Dougherty 0-0: Ground out 5-3 (Groundball, 56)
Bottom of the 1st over - 0 run(s), 1 hit(s), 0 error(s), 1 left on base; Wichita 0 - West Virginia 0
TOP OF THE 2ND
Wichita Wranglers batting - Pitching for West Virginia Power : RHP Aaron Thrash
Batting: SHB Javier Peña 0-0: Foul Ball, location: 2F
0-1: Called Strike
0-2: Foul Ball, location: 2F
0-2: Foul Ball, location: 2F
0-2: Foul Ball, location: 2F
0-2: Ball
1-2: Ball
2-2: Ball
3-2: Fly out, F7 (Flyball, 7S)
Batting: LHB Alfredo Sánchez 0-0: Called Strike
0-1: Called Strike
0-2: Ball
1-2: Ball
2-2: Foul Ball, location: 2F
2-2: Fly out, F7 (Flyball, 7LD)
Batting: SHB Giancarlo Giannini 0-0: Ball
1-0: Called Strike
1-1: Ball
2-1: Swinging Strike
2-2: Foul Ball, location: 2F
2-2: Ball
3-2: Strikes out looking
Top of the 2nd over - 0 run(s), 0 hit(s), 0 error(s), 0 left on base; Wichita 0 - West Virginia 0
BOTTOM OF THE 2ND
West Virginia Power batting - Pitching for Wichita Wranglers : RHP Juan Vázquez
Batting: RHB Will Lott 0-0: Called Strike
0-1: Ball
1-1: Ball
2-1: Foul Ball, location: 2F
2-2: Ball
3-2: Foul Ball, location: 2F
3-2: Base on Balls
Batting: LHB Héctor Soto 0-0: Called Strike
0-1: Swinging Strike
0-2: Strikes out looking
Batting: RHB Tony Parker 0-0: Foul Ball, location: 2F
0-1: Ball
Wild Pitch!
Will Lott to second
1-1: Ball
2-1: Swinging Strike
2-2: Ball
3-2: Base on Balls
Batting: RHB Len Burke 0-0: Fielders Choice at 2nd, 6-4 (Groundball, 6M)
Will Lott to third
Batting: LHB Júlio Martínez 0-0: Ball
1-0: Called Strike
1-1: Foul Ball, location: 2F
1-2: Foul Ball, location: 2F
1-2: Strikes out swinging
Bottom of the 2nd over - 0 run(s), 0 hit(s), 0 error(s), 2 left on base; Wichita 0 - West Virginia 0
TOP OF THE 3RD
Wichita Wranglers batting - Pitching for West Virginia Power : RHP Aaron Thrash
Batting: RHB Dave Henderson 0-0: Swinging Strike
0-1: Fly out, F8 (Flyball, 8RM)
Batting: LHB Aurelio Torrez 0-0: Ball
1-0: Foul Ball, location: 2F
1-1: Ball
2-1: Ground out U3 (Groundball, 3S)
Batting: RHB James Stevens 0-0: Foul Ball, location: 2F
0-1: Foul Ball, location: 2F
0-2: Fly out, F4 (Line Drive, 4MD)
Top of the 3rd over - 0 run(s), 0 hit(s), 0 error(s), 0 left on base; Wichita 0 - West Virginia 0
BOTTOM OF THE 3RD
West Virginia Power batting - Pitching for Wichita Wranglers : RHP Juan Vázquez
Batting: RHB Pablo Sandoval 0-0: Foul Ball, location: 2F
0-1: Swinging Strike
0-2: SINGLE (Popup, 13)
Batting: RHB Dave McGrath 0-0: Ball
1-0: Ball
2-0: Ball
3-0: Base on Balls
Pablo Sandoval to second
Batting: RHB Roberto Tobías 0-0: Called Strike
Pablo Sandoval steals 3rd base
Dave McGrath to second
0-1: Ball
1-1: Ball
2-1: Swinging Strike
2-2: Strikes out swinging
Batting: RHB Ben Dougherty 0-0: Called Strike
0-1: Ball
1-1: Reached on error, E5 (Groundball, 56S)
Pablo Sandoval scores
Dave McGrath to third
Batting: RHB Will Lott 0-0: Called Strike
0-1: DOUBLE (Line Drive, 8LM)
Dave McGrath scores
Ben Dougherty to third
Batting: LHB Héctor Soto 0-0: Ball
1-0: Called Strike
1-1: Called Strike
1-2: Ball
2-2: Strikes out swinging
Batting: RHB Tony Parker 0-0: Ball
1-0: Foul Ball, location: 2F
1-1: Called Strike
1-2: Ball
2-2: Ground out 4-3 (Groundball, 4)
Bottom of the 3rd over - 2 run(s), 2 hit(s), 1 error(s), 2 left on base; Wichita 0 - West Virginia 2
TOP OF THE 4TH
Wichita Wranglers batting - Pitching for West Virginia Power : RHP Aaron Thrash
Batting: RHB Desi Thompson 0-0: Ball
1-0: Called Strike
1-1: Ball
2-1: Ball
3-1: Base on Balls
Batting: LHB José Hernández 0-0: Foul Ball, location: 2F
0-1: Ball
1-1: Foul Ball, location: 2F
1-2: Strikes out swinging
Desi Thompson steals 2nd base
Batter strikes out.
Batting: RHB Miguel Monteagudo 0-0: Ball
1-0: Called Strike
1-1: Foul Ball, location: 2F
1-2: Foul Ball, location: 2F
1-2: Strikes out swinging
Batting: SHB Javier Peña 0-0: Ball
1-0: Ground out 6-3 (Groundball, 6)
Top of the 4th over - 0 run(s), 0 hit(s), 0 error(s), 1 left on base; Wichita 0 - West Virginia 2
BOTTOM OF THE 4TH
West Virginia Power batting - Pitching for Wichita Wranglers : RHP Juan Vázquez
Batting: RHB Len Burke 0-0: Called Strike
0-1: Ball
1-1: Reached on error, E5 (Groundball, 56)
Batting: LHB Júlio Martínez 0-0: Ball
1-0: Called Strike
1-1: Foul Ball, location: 2F
1-2: Foul Ball, location: 2F
1-2: Foul Ball, location: 2F
1-2: Ball
2-2: Strikes out swinging
Batting: RHB Pablo Sandoval 0-0: Foul Ball, location: 2F
0-1: Swinging Strike
0-2: Ball
1-2: Ball
2-2: Foul Ball, location: 2F
2-2: Ball
3-2: SINGLE (Line Drive, 78M)
Len Burke to second
Batting: RHB Dave McGrath 0-0: Ball
1-0: Ball
2-0: Ball
3-0: Swinging Strike
3-1: Base on Balls
Len Burke to third
Pablo Sandoval to second
Batting: RHB Roberto Tobías 0-0: Ball
1-0: Ball
2-0: Foul Ball, location: 2F
2-1: Foul Ball, location: 2F
2-2: GRAND SLAM HOME RUN (Flyball, 9D), Distance : 356 ft
Batting: RHB Ben Dougherty 0-0: Foul Ball, location: 2F
0-1: SOLO HOME RUN (Flyball, 7LD), Distance : 326 ft
Batting: RHB Will Lott 0-0: Ball
1-0: Ball
2-0: Foul Ball, location: 2F
2-1: Ball
3-1: Foul Ball, location: 2F
3-2: Base on Balls
Pitching: RHP José López
Batting: LHB Héctor Soto 0-0: Ball
1-0: Ball
2-0: Ball
3-0: Base on Balls
Will Lott to second
Batting: RHB Tony Parker 0-0: Ball
1-0: Swinging Strike
1-1: 3-RUN HOME RUN (Flyball, 89D), Distance : 410 ft
Batting: RHB Len Burke 0-0: Foul Ball, location: 2F
0-1: Ground out 4-3 (Groundball, 4)
Batting: LHB Júlio Martínez 0-0: Ball
1-0: Called Strike
1-1: Foul Ball, location: 2F
1-2: Foul Ball, location: 2F
1-2: Ground out 4-3 (Groundball, 34)
Bottom of the 4th over - 8 run(s), 4 hit(s), 1 error(s), 0 left on base; Wichita 0 - West Virginia 10
TOP OF THE 5TH
Wichita Wranglers batting - Pitching for West Virginia Power : RHP Aaron Thrash
Batting: LHB Alfredo Sánchez 0-0: Ball
1-0: Ball
2-0: Ball
3-0: Called Strike
3-1: Foul Ball, location: 2F
3-2: Ground out 4-3 (Groundball, 4)
Batting: SHB Giancarlo Giannini 0-0: Called Strike
0-1: SINGLE (Flyball, 89S)
Batting: RHB Dave Henderson 0-0: Called Strike
0-1: Swinging Strike
0-2: Foul Ball, location: 2F
0-2: Hit by Pitch
Giancarlo Giannini to second
Batting: LHB Aurelio Torrez 0-0: Called Strike
0-1: Ball
1-1: Foul Ball, location: 2F
1-2: Ball
2-2: SINGLE (Groundball, 25) (infield hit)
Giancarlo Giannini to third
Dave Henderson to second
Batting: RHB James Stevens 0-0: Swinging Strike
0-1: Ball
1-1: Called Strike
1-2: Ball
2-2: Foul Ball, location: 2F
2-2: SINGLE (Groundball, 4MD)
Giancarlo Giannini scores
Dave Henderson to third
Aurelio Torrez to second
Runner from 3rd tries for Home, SAFE, throw made home
Aurelio Torrez to third
James Stevens to second
Batting: RHB Desi Thompson 0-0: Foul Ball, location: 2F
0-1: Swinging Strike
0-2: Strikes out looking
Batting: LHB José Hernández 0-0: Called Strike
0-1: Ball
1-1: Foul Ball, location: 2F
1-2: Strikes out swinging
Top of the 5th over - 2 run(s), 3 hit(s), 0 error(s), 2 left on base; Wichita 2 - West Virginia 10
BOTTOM OF THE 5TH
West Virginia Power batting - Pitching for Wichita Wranglers : RHP José López
Batting: RHB Pablo Sandoval 0-0: Foul Ball, location: 2F
0-1: Swinging Strike
0-2: Ball
1-2: Hit by Pitch
Batting: RHB Dave McGrath 0-0: Foul Ball, location: 2F
0-1: Ball
1-1: SINGLE (Line Drive, 9LS)
Pablo Sandoval to second
Batting: RHB Roberto Tobías 0-0: Ball
Pablo Sandoval steals 3rd base
Dave McGrath to second
1-0: Called Strike
1-1: Ball
2-1: Ball
3-1: Foul Ball, location: 2F
3-2: Base on Balls
Batting: RHB Ben Dougherty 0-0: Ball
1-0: Ball
2-0: Ball
3-0: Base on Balls
Pablo Sandoval scores
Dave McGrath to third
Roberto Tobías to second
Batting: RHB Will Lott 0-0: Ball
1-0: Ball
2-0: Ball
3-0: Base on Balls
Dave McGrath scores
Roberto Tobías to third
Ben Dougherty to second
Batting: LHB Héctor Soto 0-0: SINGLE (Groundball, 4M)
Roberto Tobías scores
Ben Dougherty to third
Will Lott to second
Pitching: RHP Jon England
Batting: RHB Tony Parker 0-0: Ball
1-0: SINGLE (Groundball, 4MD)
Ben Dougherty scores
Will Lott to third
Héctor Soto to second
Batting: RHB Len Burke 0-0: Swinging Strike
0-1: Ball
1-1: Swinging Strike
1-2: Ball
2-2: Foul Ball, location: 2F
2-2: Strikes out swinging
Batting: LHB Júlio Martínez 0-0: Ball
1-0: Swinging Strike
1-1: Swinging Strike
1-2: Foul Ball, location: 2F
1-2: SINGLE (Line Drive, 6MD)
Will Lott scores
Héctor Soto to third
Tony Parker to second
Pitching: RHP Bill Coffey
Batting: RHB Pablo Sandoval 0-0: Ball
1-0: Foul Ball, location: 2F
1-1: Ball
2-1: Ball
3-1: Base on Balls
Héctor Soto scores
Tony Parker to third
Júlio Martínez to second
Batting: RHB Dave McGrath 0-0: Ball
1-0: Ball
2-0: Foul Ball, location: 2F
2-1: Ball
3-1: Base on Balls
Tony Parker scores
Júlio Martínez to third
Pablo Sandoval to second
Batting: RHB Roberto Tobías 0-0: Ball
1-0: Swinging Strike
1-1: Called Strike
1-2: Ball
2-2: Foul Ball, location: 2F
2-2: Foul Ball, location: 2F
2-2: Ball
3-2: Foul Ball, location: 2F
3-2: Fly out, F9 (Flyball, 9M)
Runner from 3rd tags up, SCORES, no throw
Batting: RHB Ben Dougherty 0-0: Ball
1-0: Ball
2-0: Foul Ball, location: 2F
2-1: Foul Ball, location: 2F
2-2: Fly out, F4 (Popup, 3D)
Bottom of the 5th over - 8 run(s), 4 hit(s), 0 error(s), 2 left on base; Wichita 2 - West Virginia 18
TOP OF THE 6TH
Wichita Wranglers batting - Pitching for West Virginia Power : RHP Aaron Thrash
Batting: RHB Miguel Monteagudo 0-0: Ball
1-0: Foul Ball, location: 2F
1-1: Ball
2-1: Swinging Strike
2-2: Strikes out swinging
Batting: SHB Javier Peña 0-0: Ball
1-0: Called Strike
1-1: Ball
2-1: Swinging Strike
2-2: Foul Ball, location: 2F
2-2: Ball
3-2: Foul Ball, location: 2F
3-2: Base on Balls
Pitching: RHP Aurelio Barrón
Batting: LHB Alfredo Sánchez 0-0: Ball
Javier Peña steals 2nd base
1-0: Ball
2-0: Foul Ball, location: 2F
2-1: Called Strike
2-2: Foul Ball, location: 2F
2-2: Strikes out swinging passed ball, reaches first!
Javier Peña to third
Batting: SHB Giancarlo Giannini 0-0: Ball
1-0: Ball
2-0: Called Strike
2-1: Foul Ball, location: 2F
2-2: Fielders Choice at 2nd, 3-6 (Groundball, 3)
Javier Peña scores
Batting: RHB Dave Henderson 0-0: Called Strike
0-1: DOUBLE (Line Drive, 7LS)
Giancarlo Giannini to third
Batting: LHB Aurelio Torrez 0-0: Ball
1-0: Ball
2-0: Ball
3-0: Base on Balls
Batting: RHB James Stevens 0-0: Foul Ball, location: 2F
0-1: Ball
1-1: Ball
2-1: Foul Ball, location: 2F
2-2: Strikes out swinging
Top of the 6th over - 1 run(s), 1 hit(s), 0 error(s), 3 left on base; Wichita 3 - West Virginia 18
BOTTOM OF THE 6TH
West Virginia Power batting - Pitching for Wichita Wranglers : RHP Bill Coffey
Batting: RHB Will Lott 0-0: SINGLE (Line Drive, 8LS)
Batting: LHB Héctor Soto 0-0: Called Strike
0-1: Swinging Strike
0-2: SINGLE (Line Drive, 8RS)
Will Lott to second
Batting: RHB Tony Parker 0-0: Ball
1-0: Ball
2-0: Called Strike
2-1: Called Strike
2-2: SINGLE (Groundball, 56D) (infield hit)
Will Lott to third
Héctor Soto to second
Batting: RHB Len Burke 0-0: Swinging Strike
0-1: Ball
1-1: Swinging Strike
1-2: Ball
2-2: Ball
3-2: Base on Balls
Will Lott scores
Héctor Soto to third
Tony Parker to second
Batting: LHB Júlio Martínez 0-0: SINGLE (Groundball, 56D)
Héctor Soto scores
Tony Parker to third
Len Burke to second
Batting: RHB Pablo Sandoval 0-0: Ball
1-0: Foul Ball, location: 2F
1-1: Ball
2-1: Foul Ball, location: 2F
2-2: Foul Ball, location: 2F
2-2: Strikes out swinging
Batting: RHB Dave McGrath 0-0: Ball
1-0: Called Strike
1-1: Ball
2-1: Called Strike
2-2: Ball
3-2: Foul Ball, location: 2F
3-2: Foul Ball, location: 2F
3-2: Base on Balls
Tony Parker scores
Len Burke to third
Júlio Martínez to second
Batting: RHB Roberto Tobías 0-0: Foul Ball, location: 2F
0-1: DOUBLE (Flyball, 78XD)
Len Burke scores
Júlio Martínez scores
Dave McGrath to third
Runner from 3rd tries for Home, SAFE, throw made home
Pitching: LHP Tony Rivera
Batting: RHB Ben Dougherty 0-0: Ball
1-0: Ground out 5-3 (Groundball, 5L)
Batting: RHB Will Lott 0-0: Swinging Strike
0-1: Ball
1-1: Called Strike
1-2: Strikes out looking
Bottom of the 6th over - 6 run(s), 5 hit(s), 0 error(s), 1 left on base; Wichita 3 - West Virginia 24
TOP OF THE 7TH
Wichita Wranglers batting - Pitching for West Virginia Power : RHP Aurelio Barrón
Batting: RHB Desi Thompson 0-0: Ball
1-0: Foul Ball, location: 2F
1-1: Called Strike
1-2: Ball
2-2: Strikes out swinging
Batting: LHB José Hernández 0-0: Ball
1-0: SOLO HOME RUN (Line Drive, 89XD), Distance : 422 ft
Batting: RHB Miguel Monteagudo 0-0: Ball
1-0: SINGLE (Groundball, 6MD)
Batting: SHB Javier Peña 0-0: Ball
1-0: Ball
2-0: Ball
3-0: Base on Balls
Miguel Monteagudo to second
Batting: LHB Alfredo Sánchez 0-0: Ball
1-0: Foul Ball, location: 2F
1-1: Foul Ball, location: 2F
1-2: Ball
Passed Ball!
Miguel Monteagudo to third
Javier Peña to second
2-2: Ball
3-2: Fly out, F7 (Flyball, 7LMF)
Runner from 3rd tags up, SCORES, no throw
Batting: SHB Giancarlo Giannini 0-0: Called Strike
0-1: Foul Ball, location: 2F
0-2: Ball
1-2: Strikes out swinging
Top of the 7th over - 2 run(s), 2 hit(s), 0 error(s), 1 left on base; Wichita 5 - West Virginia 24
BOTTOM OF THE 7TH
West Virginia Power batting - Pitching for Wichita Wranglers : LHP Tony Rivera
Batting: LHB Héctor Soto 0-0: Ball
1-0: Ball
2-0: Fly out, F7 (Flyball, 78S)
Batting: RHB Tony Parker 0-0: Called Strike
0-1: Swinging Strike
0-2: Ball
1-2: Strikes out swinging
Batting: RHB Len Burke 0-0: Ball
1-0: Foul Ball, location: 2F
1-1: Foul Ball, location: 2F
1-2: Foul Ball, location: 2F
1-2: Ball
2-2: Fly out, F8 (Line Drive, 8LS)
Bottom of the 7th over - 0 run(s), 0 hit(s), 0 error(s), 0 left on base; Wichita 5 - West Virginia 24
TOP OF THE 8TH
Wichita Wranglers batting - Pitching for West Virginia Power : RHP Aurelio Barrón
Now at 3B: Ron Guillén
Batting: RHB Dave Henderson 0-0: Ball
1-0: Ball
2-0: Called Strike
2-1: Ball
3-1: Swinging Strike
3-2: Base on Balls
Batting: LHB Aurelio Torrez 0-0: Ball
1-0: Grounds into double play, U6-3 (Groundball, 6M)
Batting: RHB James Stevens 0-0: Called Strike
0-1: Ball
1-1: Foul Ball, location: 2F
1-2: SOLO HOME RUN (Flyball, 78XD), Distance : 417 ft
Batting: RHB Desi Thompson 0-0: Called Strike
0-1: Ball
1-1: Called Strike
1-2: Strikes out swinging
Top of the 8th over - 1 run(s), 1 hit(s), 0 error(s), 0 left on base; Wichita 6 - West Virginia 24
BOTTOM OF THE 8TH
West Virginia Power batting - Pitching for Wichita Wranglers : LHP Tony Rivera
Batting: LHB Júlio Martínez 0-0: Ball
1-0: Ball
2-0: Ball
3-0: Base on Balls
Batting: RHB Pablo Sandoval 0-0: Swinging Strike
0-1: Ball
1-1: Ball
2-1: Bunt missed!
2-2: Foul Ball, location: 2F
2-2: DOUBLE (Line Drive, 78M)
Júlio Martínez to third
Runner from 3rd tries for Home, SAFE, no throw or cutoff
Batting: RHB Dave McGrath 0-0: Ball
1-0: Foul Ball, location: 2F
1-1: 2-RUN HOME RUN (Flyball, 8LXD), Distance : 418 ft
Batting: RHB Roberto Tobías 0-0: Reached on Error, E8 (Flyball, 8LS)
Batting: RHB Ben Dougherty 0-0: Ball
1-0: Grounds into double play, 6-4-3 (Groundball, 6)
Batting: RHB Will Lott 0-0: SINGLE (Groundball, 56D)
Batting: LHB Héctor Soto 0-0: Called Strike
0-1: Called Strike
0-2: Foul Ball, location: 2F
0-2: Foul Ball, location: 2F
0-2: Foul Ball, location: 2F
0-2: Ball
1-2: Ball
2-2: Strikes out swinging
Bottom of the 8th over - 3 run(s), 3 hit(s), 1 error(s), 1 left on base; Wichita 6 - West Virginia 27
TOP OF THE 9TH
Wichita Wranglers batting - Pitching for West Virginia Power : RHP Aurelio Barrón
Now in CF: Aaron Murray
Batting: LHB José Hernández 0-0: Fly out, F4 (Popup, 4MD)
Batting: RHB Miguel Monteagudo 0-0: Ball
1-0: Foul Ball, location: 2F
1-1: Foul Ball, location: 2F
1-2: Foul Ball, location: 2F
1-2: Foul Ball, location: 2F
1-2: Ball
2-2: Foul Ball, location: 2F
2-2: Foul Ball, location: 2F
2-2: Strikes out swinging
Batting: SHB Javier Peña 0-0: Ball
1-0: Ball
2-0: Ball
3-0: Called Strike
3-1: Base on Balls
Batting: LHB Alfredo Sánchez 0-0: Ground out U3 (Groundball, 3L)
Top of the 9th over - 0 run(s), 0 hit(s), 0 error(s), 1 left on base; Wichita 6 - West Virginia 27
Monday, December 5th, 2016 - OOTP Baseball 17.12 Build 75